 Dungeon Crawl Stone Soup version 0.18.1-48-g4cf74bf (webtiles) character file.

16 tyranidshit the Skirmisher (level 2, 0/25 HPs)
             Began as a Demonspawn Abyssal Knight on Sept 8, 2016.
             Was a Follower of Lugonu.
             Slain by a rat (3 damage)
             ... on level 1 of the Dungeon.
             The game lasted 00:01:53 (464 turns).

tyranidshit the Skirmisher (DsAK)                    Turns: 464, Time: 00:01:54

Health: 0/25       AC:  5    Str: 12    XL:     2   Next: 41%
Magic:  3/3        EV: 10    Int: 13    God:    Lugonu [*.....]
Gold:   46         SH:  0    Dex: 12    Spells: 0 memorised, 1 level left

rFire  + . .     SeeInvis .     a - +1 hand axe
rCold  . . .     Gourm    .     e - +0 ring mail
rNeg   . . .     Faith    .     (no shield)
rPois  .         Spirit   .     (no helmet)
rElec  .         Dismiss  .     (no cloak)
rCorr  .         Reflect  .     (no gloves)
SustAt .         Harm     .     (no boots)
MR     .....                    (no amulet)
Stlth  +.........               (no ring)
                                d - ring of protection from fire

@: not resistant to hostile enchantments, very unstealthy
A: powered by pain 1
a: Depart the Abyss, Renounce Religion


You were on level 1 of the Dungeon.
You worshipped Lugonu.
Lugonu was aware of your devotion.
You were not hungry.

You visited 1 branch of the dungeon, and saw 1 of its levels.
You visited the Abyss 1 time.

You collected 46 gold pieces.

Inventory:

Hand Weapons
 a - a +1 hand axe (weapon)
Armour
 b - a +0 leather armour
 e - a +0 ring mail (worn)
Jewellery
 d - a ring of protection from fire (left hand)
Scrolls
 f - 2 scrolls of remove curse {unknown}
 h - a scroll of enchant armour {unknown}
 i - a scroll of teleportation {unknown}
Potions
 g - 2 potions of degeneration {unknown}
Comestibles
 c - a bread ration


   Skills:
 + Level 3.8 Fighting
 - Level 1.7 Axes
 - Level 1.7 Armour
 - Level 0.8 Dodging
 - Level 2.4 Invocations


You had one spell level left.
You didn't know any spells.

Dungeon Overview and Level Annotations

Branches:
Dungeon (1/15)

Altars:


Innate Abilities, Weirdness & Mutations

You sometimes gain a little power by taking damage.


Message History

The kobold throws a stone.
The stone barely misses you.
Found a fuming grey potion.
A hobgoblin comes into view.
The hobgoblin shouts!
The kobold hits you.
A rat comes into view.
You see here a cyan potion.
You barely miss the kobold. The kobold hits you.
The hobgoblin barely misses you. The kobold hits you.
You hit the kobold but do no damage. You barely miss the hobgoblin.
You hit the rat but do no damage. The rat bites you but does no damage.
The hobgoblin hits you but does no damage.
The kobold barely misses you. The rat bites you.
You hit the kobold but do no damage. You hit the hobgoblin but do no damage.
You closely miss the rat. The hobgoblin hits you.
* * * LOW HITPOINT WARNING * * *
The kobold hits you.
* * * LOW HITPOINT WARNING * * *
The rat bites you.
You die...

#. ..# #.# #.#..### #
###.### #......## #
#..... ..!.... # #.#..
.....# # #.#.# #...##
# #.#.#########Kg..#
####..........##@r#
.(.....)......##..#
#####..#####..##.(# #
#..###.....#..# #
#......# #.((.# #
#......# #.##.## #
##....†###.#...##
##########†..........)
....#######...##...###


You could see a hobgoblin, a kobold and a rat.

Vanquished Creatures
  A dart slug (D:1)
  A bat (D:1)
  A goblin (D:1)
  A hobgoblin (D:1)
  3 jackals (D:1)
  2 kobolds (D:1)
  2 giant newts (D:1)
  2 rats (D:1)
13 creatures vanquished.

Notes
Turn   | Place    | Note
--------------------------------------------------------------
     0 | Abyss:1  | tyranidshit the Demonspawn Abyssal Knight began the quest for the Orb.
     0 | Abyss:1  | Reached XP level 1. HP: 18/18 MP: 2/2
    36 | Abyss:1  | Found a blossoming altar of Fedhas.
    97 | Abyss:1  | Noticed a neqoxec
   102 | Abyss:1  | Noticed a raiju
   102 | Abyss:1  | Noticed an ice beast
   117 | Abyss:1  | Noticed a large abomination
   128 | D:1      | Escaped the Abyss
   362 | D:1      | Gained mutation: You sometimes gain a little power by taking damage. [demonic ancestry]
   362 | D:1      | Reached XP level 2. HP: 19/24 MP: 3/3
   397 | D:1      | Reached * piety under Lugonu
   464 | D:1      | Slain by a rat

Action                   || total
-------------------------++-------
Melee: Hand axe          ||    33
Invok: Depart the Abyss  ||     1
  Use: Scroll            ||     3
Armor: Ring mail         ||    19
       Leather armour    ||     1
Dodge: Dodged            ||    27
